 Dungeon Crawl Stone Soup version 0.23-a0-554-gd3cbc84 (webtiles) character file.

226853 Lavandula the Nimble (level 19, -1/114 HPs)
             Began as a Halfling Enchanter on Dec 9, 2018.
             Was the Champion of Hepliaklqana.
             Slain by a great orb of eyes (9 damage)
             ... while paralysed by a great orb of eyes
             ... on level 2 of the Vaults on Dec 10, 2018.
             The game lasted 02:41:20 (20295 turns).

Lavandula the Nimble (Halfling Enchanter)          Turns: 20295, Time: 02:41:21

Health: -1/114     AC: 10    Str:  9    XL:     19   Next: 1%
Magic:  32/32      EV:  3    Int: 19    God:    Hepliaklqana [******]
Gold:   396        SH:  0    Dex: 21    Spells: 3/36 levels left

rFire    + . .     SeeInvis +   i - +5 demon blade (elec)
rCold    . . .     Gourm    .   L - +3 buckler
rNeg     . . .     Faith    .   V - +1 troll leather armour
rPois    .         Spirit   .   B - +1 helmet {SInv}
rElec    .         Reflect  .   S - +1 cloak
rCorr    .         Harm     .   (no gloves)
MR       +....                  (no boots)
Stlth    ..........             X - amulet of magic regeneration
HPRegen  1.69/turn              T - ring of the Nightingale {rF+ Dex+4 Slay+5 Stlth-}
MPRegen  0.48/turn              s - ring of Phasing {EV+8}

@: confused, paralysed, regenerating, deflect missiles
A: small, reduced essence, mutation resistance 2
}: 3/15 runes: decaying, serpentine, abyssal
a: Recall Ancestor, Ancestor Identity, Transference, Idealise, Renounce Religion


You were on level 2 of the Vaults.
You worshipped Hepliaklqana.
Hepliaklqana was exalted by your worship.
You were not hungry.

You visited 7 branches of the dungeon, and saw 36 of its levels.
You visited the Abyss 1 time.
You visited 1 bazaar.
You also visited: Gauntlet and Ice Cave.

You collected 3142 gold pieces.
You spent 2746 gold pieces at shops.

Inventory:

Hand Weapons
 e - a +7 dagger of venom
 i - a +5 demon blade of electrocution (weapon)
 J - the +6 long sword of Karma {slice, *Slow rF++ Int+4}
   (You found it on level 9 of the Dungeon)

   It inflicts extra damage upon your enemies.
   It affects your intelligence (+4).
   It greatly protects you from fire.
   It may slow you when you take damage.
Missiles
 A - a throwing net (quivered)
Armour
 b - +0 swamp dragon scales
 B - a +1 helmet of see invisible (worn)
 L - a +3 buckler (worn)
 S - a +1 cloak (worn)
 V - a +1 troll leather armour (worn)
Jewellery
 g - a +6 ring of evasion
 s - the ring of Phasing (right hand) {EV+8}
   (You found it on level 4 of the Dungeon)

   [ring of evasion]

   It affects your evasion (+8).
 x - an uncursed amulet of rage
 D - an uncursed ring of wizardry
 G - an uncursed ring of poison resistance
 M - an uncursed ring of protection from magic
 T - the ring of the Nightingale (left hand) {rF+ Dex+4 Slay+5 Stlth-}
   (You bought it in a shop on level 14 of the Dungeon)

   [ring of protection from fire]

   It affects your dexterity (+4).
   It affects your accuracy and damage with ranged weapons and melee attacks
   (+5).
   It protects you from fire.
   It makes you less stealthy.
 X - an amulet of magic regeneration (around neck)
Wands
 a - a wand of digging (6)
 t - a wand of iceblast (6)
 E - a wand of disintegration (9)
 K - a wand of flame (2)
 O - a wand of paralysis (7)
 W - a wand of acid (7)
 Y - a wand of enslavement (7)
Scrolls
 f - 3 scrolls of immolation
 j - 2 scrolls of holy word
 k - 2 scrolls of fear
 n - 3 scrolls of fog
 r - 13 scrolls of teleportation
 u - 13 scrolls of remove curse
 v - 4 scrolls of amnesia
 y - 2 scrolls of silence
 C - 4 scrolls of magic mapping
 N - a scroll of blinking
 U - a scroll of identify
Potions
 c - 2 potions of berserk rage
 h - a potion of resistance
 l - 4 potions of curing
 o - a potion of brilliance
 p - 5 potions of heal wounds
 q - 6 potions of mutation
 w - a potion of ambrosia
 z - 3 potions of cancellation
 H - a potion of agility
 I - 2 potions of invisibility
 P - 3 potions of haste
 R - 2 potions of magic
 Z - 3 potions of might
Miscellaneous
 m - a phantom mirror
 F - a lamp of fire
Comestibles
 d - 22 rations
 Q - 2 chunks of flesh


   Skills:
 - Level 10.7 Fighting
 - Level 10.1(13.8) Short Blades
 - Level 13.2(14.0) Long Blades
 - Level 4.9 Armour
 - Level 13.4 Dodging
 - Level 7.3 Stealth
 - Level 5.9 Shields
 + Level 9.4 Spellcasting
 - Level 3.2 Conjurations
 - Level 6.0 Hexes
 - Level 6.1 Charms
 - Level 2.9 Necromancy
 - Level 5.3 Translocations
 - Level 3.0 Transmutations
 - Level 9.9 Air Magic
 - Level 5.1 Earth Magic
 - Level 8.3 Invocations
 - Level 5.1 Evocations


You had 3 spell levels left.
You knew the following spells:

 Your Spells              Type           Power        Failure   Level  Hunger
a - Corona                Hex            ####...      1%          1    None
b - Ensorcelled Hibernat  Hex/Ice        ###...       4%          2    None
c - Confuse               Hex            ####....     2%          3    None
d - Dazzling Spray        Conj/Hex       ####..       4%          3    None
e - Lee's Rapid Deconstr  Erth           ####......   34%         5    #####..
f - Passwall              Tmut/Erth      ###.....     3%          2    None
g - Apportation           Tloc           ####..       1%          1    None
h - Regeneration          Chrm/Necr      ####......   4%          3    None
i - Passage of Golubria   Tloc           N/A          12%         4    ###....
j - Deflect Missiles      Chrm/Air       #####.....   52%         6    ######.
k - Blink                 Tloc           N/A          1%          2    None
l - Summon Butterflies    Summ           #.......     11%         1    None

Your spell library contained the following spells:

 Spells                   Type           Power        Failure   Level  Hunger
 Sandblast                Erth           ####..       1%          1    None
 Shock                    Conj/Air       ####         1%          1    None
 Poisonous Vapours        Pois/Air       ####..       1%          2    None
 Slow                     Hex            ####....     1%          2    None
 Swiftness                Chrm/Air       #####...     1%          2    None
 Static Discharge         Conj/Air       ####....     1%          3    None
 Magic Dart               Conj           ###.         2%          1    None
 Tukima's Dance           Hex            ####....     2%          3    None
 Animate Skeleton         Necr           N/A          3%          1    None
 Pain                     Necr           ###.         3%          1    None
 Sting                    Conj/Pois      ###.         5%          1    None
 Mephitic Cloud           Conj/Pois/Air  ####....     5%          3    None
 Stone Arrow              Conj/Erth      ###...       5%          3    None
 Vampiric Draining        Necr           ###.......   10%         3    None
 Call Imp                 Summ           #.......     16%         2    None
 Conjure Flame            Conj/Fire      ###.....     16%         3    None
 Call Canine Familiar     Summ           #.......     30%         3    None
 Petrify                  Tmut/Erth      ###.....     19%         4    ###....
 Lightning Bolt           Conj/Air       ####......   19%         5    #####..
 Animate Dead             Necr           N/A          30%         4    ###....
 Summon Mana Viper        Hex/Summ       ###.....     63%         5    #####..
 Olgreb's Toxic Radiance  Pois           #.......     71%         4    ###....
 Summon Ice Beast         Ice/Summ       #.......     71%         4    ###....
 Darkness                 Hex            ####......   78%         6    ######.
 Invisibility             Hex            ####....     78%         6    ######.
 Venom Bolt               Conj/Pois      ###.......   83%         5    #####..
 Summon Hydra             Summ           #.........   100%        7    #######
 Controlled Blink         Tloc           N/A          100%        8    #######
 Ignition                 Fire           #.........   100%        8    #######
 Shatter                  Erth           ####......   100%        9    #######
 Tornado                  Air            #####.....   100%        9    #######


Dungeon Overview and Level Annotations

Branches:
Dungeon (15/15)            Temple (1/1) D:5            Lair (6/6) D:9
  Swamp (4/4) Lair:4        Snake (4/4) Lair:2        Slime (0/5) Lair:5
    Orc (2/2) D:11            Elf (0/3) Orc:2        Vaults (4/5) D:13
  Crypt: Vaults:2-3  Depths: D:15

Altars:
Ashenzari
Cheibriados
Dithmenos
Elyvilon
Gozag
Hepliaklqana
Kikubaaqudgha
Makhleb
Nemelex Xobeh
Okawaru
Qazlal
Ru
Sif Muna
Trog
Uskayaw
Vehumet
Wu Jian
Xom
Yredelemnul
The Shining One

Shops:
D:10 (   D:14 =!!(   Orc:2 [(:*   Vaults:2 ?

Annotations:
D:9 dig vault
D:10 exclusion: ice statue
Swamp:4 Kirke
Orc:1 2 runed doors, Bain's ghost, journeyman DsGl


Innate Abilities, Weirdness & Mutations

You are small and have problems with some larger weapons.
You are somewhat resistant to both further mutation and mutation removal.
Your life essence is reduced to manifest your ancestor. (-10% HP)


Message History

You suddenly lose the ability to move!
The wolf spider hits you. The wolf spider bites you. The wolf spider hits you.
The wolf spider bites you but does no damage.
The great orb of eyes bites you! The wolf spider hits you!
* * * LOW HITPOINT WARNING * * *
The wolf spider bites you but does no damage.
The great orb of eyes gazes at you.
You are confused.
The wolf spider hits you but does no damage.
The wolf spider barely misses you. x2; The wolf spider bites you.
* * * LOW HITPOINT WARNING * * *
The great orb of eyes gazes at you. You resist with some effort.
The wolf spider hits you!
* * * LOW HITPOINT WARNING * * *
The wolf spider bites you.
* * * LOW HITPOINT WARNING * * *
The great orb of eyes bites you!
You die...

# #.....##. ##
### # #.....#
.###. ...# #
#.....###.#.#...
#
#.....##..#..#.#
#
#.....)...p.C.#
#
#.....##.G#..#.#
+
#.....###.#.#...
# +.....##G###.
...# #
#.....##b@# ##
### #
#.....##bbs# #
#.)...##...b# #
#.....#######
#.....# #.....#
#.....# #.....#
#.....#


You could see a great orb of eyes and a wolf spider.

Vanquished Creatures
  Vashnia (Snake:3)
  A tentacled monstrosity (Swamp:4)
  An Executioner (Abyss:5)
  3 tentacled starspawn
  Gastronok (D:11)
  A nagaraja (Abyss:4)
  A vault warden (Vaults:2)
  A frost giant (IceCv)
  Louise (Swamp:1)
  A stone giant (Vaults:2)
  A minotaur (Gauntlet)
  4 dire elephants (Lair:6)
  A yaktaur captain (Vaults:2)
  A vault guard (D:13)
  13 hydras
  A naga warrior (Snake:4)
  A shambling mangrove (Swamp:4)
  4 two-headed ogres
  2 ogre magi (Vaults:2)
  3 anacondas (Snake:3)
  A death knight (Vaults:2)
  3 alligators (Swamp:1)
  Urug (Lair:2)
  An orc high priest (Orc:2)
  A hell hog (Abyss:2)
  2 tengu warriors (D:13)
  4 thrashing horrors
  6 naga sharpshooters
  A shock serpent (Snake:3)
  A salamander mystic (Snake:3)
  Sonja (Orc:1)
  Nergalle (D:12)
  A shadow wraith (Abyss:3)
  A spriggan druid (Swamp:4)
  4 starcursed masses (Abyss:5)
  A glowing orange brain (Abyss:2)
  A sea snake (Snake:3)
  A deep troll (Vaults:2)
  4 swamp dragons
  6 large abominations
  3 naga ritualists
  2 ironbrand convokers
  2 orc knights (D:11)
  An orc sorcerer (Orc:2)
  A deep elf mage (Vaults:4)
  A shining eye (Gauntlet)
  4 mana vipers
  9 ugly things
  A cyclops (Vaults:2)
  A manticore (D:13)
  2 elephants (Lair:6)
  Psyche (D:10)
  2 vault sentinels (Vaults:2)
  7 naga magi
  A smoke demon (Abyss:2)
  An ice statue (IceCv)
  7 spiny frogs
  12 black mambas
  An apocalypse crab (Abyss:4)
  A gargoyle (D:13)
  A hellion (Abyss:3)
  A rime drake (Lair:2)
  3 komodo dragons
  4 freezing wraiths
  A kobold demonologist (D:14)
  A tormentor (Abyss:4)
  A demonic crawler (Abyss:2)
  2 ancient zymes (Abyss:5)
  4 trolls
  3 hornets
  2 tyrant leeches
  10 polar bears (IceCv)
  8 blink frogs
  5 dream sheep (Lair:6)
  2 bog bodies
  10 raiju
  6 hippogriffs
  17 slime creatures
  2 wraiths (D:14)
  19 yaks
  A hog (Swamp:4)
  3 wyverns
  A chaos spawn (Abyss:5)
  A neqoxec (Abyss:4)
  A hungry ghost (D:10)
  3 wargs
  An acid dragon (D:13)
  2 insubstantial wisps (Swamp:3)
  4 swamp worms
  14 nagas
  3 soldier ants
  A porcupine (Lair:2)
  5 water moccasins
  4 ice beasts
  8 swamp drakes
  2 necrophages
  2 black bears
  15 orc warriors
  4 sky beasts
  A hornet zombie (D:15)
  5 ogres
  2 phantoms
  5 wolves
  2 centaurs
  4 crocodiles
  A big kobold (D:11)
  2 bullfrogs
  3 small abominations
  A gnoll sergeant (D:7)
  A water moccasin skeleton (D:9)
  A wyvern skeleton (D:10)
  2 wights (D:8)
  6 killer bees
  2 electric eels
  A howler monkey (D:4)
  2 battlemagi
  2 crimson imps
  A quasit (Abyss:2)
  5 hounds
  3 centaur skeletons
  6 orc priests
  Crazy Yiuf (D:7)
  2 jellies
  6 orc wizards
  Jessica (D:3)
  An iguana (D:9)
  10 worker ants
  A hound zombie (D:6)
  Robin (D:3)
  12 adders
  5 gnolls (D:7)
  2 white imps (Gauntlet)
  2 ufetubi (D:9)
  An ooze (D:2)
  An adder skeleton (D:4)
  3 worms
  A dart slug (D:1)
  4 leopard geckos
  39 orcs
  A giant cockroach (D:2)
  13 goblins
  4 hobgoblins
  7 jackals
  4 quokkas
  A ball python (D:4)
  5 frilled lizards
  15 kobolds
  A quokka zombie (D:5)
  4 rats
  A fungus (Lair:5)
  A lurking horror (Abyss:4)
  4 starspawn tentacles
534 creatures vanquished.

Vanquished Creatures (collateral kills)
  A bone dragon (Vaults:2)
  A lich (Abyss:5)
  A thorn hunter (Swamp:3)
  Frances (Swamp:1)
  A nagaraja (Snake:4)
  An orc warlord (D:11)
  A cacodemon (Abyss:2)
  A vault warden (Vaults:2)
  2 ironheart preservers (Vaults:2)
  2 dire elephants
  Josephine (D:14)
  5 naga warriors
  3 hydras
  Erolcha (D:11)
  A shambling mangrove (Swamp:1)
  A catoblepas (D:13)
  A ghost crab (Gauntlet)
  3 anacondas
  An alligator (Swamp:3)
  2 centaur warriors (D:9)
  A satyr (Abyss:4)
  6 naga sharpshooters
  2 orc high priests
  A shock serpent (Snake:3)
  2 wretched stars (Abyss:3)
  2 large abominations (Abyss:3)
  3 swamp dragons
  An unseen horror (D:12)
  A naga ritualist (Snake:3)
  3 orc knights
  A wizard (Vaults:2)
  An orc sorcerer (Orc:1)
  3 mana vipers
  3 salamanders
  A cyclops (shapeshifter) (Vaults:4)
  3 ugly things
  A cyclops (Vaults:1)
  2 elephants (Lair:6)
  A guardian serpent (Snake:3)
  6 naga magi
  9 black mambas
  A smoke demon (Abyss:5)
  A gargoyle (D:11)
  2 spiny frogs
  A rime drake (Lair:4)
  A hellion (Abyss:2)
  2 efreet
  An ice devil (Gauntlet)
  An ancient zyme (Abyss:5)
  A komodo dragon (D:12)
  3 trolls
  3 polar bears (IceCv)
  A hornet (Swamp:1)
  4 tyrant leeches
  4 slime creatures
  2 bog bodies (Swamp:1)
  4 blink frogs
  2 hippogriffs
  A vampire (Abyss:5)
  2 hogs (Swamp:4)
  3 wraiths (D:14)
  15 yaks
  A ynoxinul (Abyss:3)
  A fire elemental (Lair:6)
  A basilisk (Lair:4)
  A hungry ghost (D:13)
  A vampire mosquito (D:9)
  2 neqoxecs
  3 wargs
  A harpy simulacrum (D:14)
  23 nagas
  2 swamp worms
  An acid dragon (D:13)
  2 insubstantial wisps (Swamp:3)
  A soldier ant (D:13)
  A porcupine (Lair:5)
  4 swamp drakes
  2 floating eyes (Gauntlet)
  9 orc warriors
  A small abomination (Abyss:3)
  4 water moccasins
  An ice beast (D:9)
  An eye of draining (D:12)
  A black bear (D:9)
  10 wolves
  5 ogres
  3 crocodiles
  3 bullfrogs
  A killer bee (D:7)
  A wight (D:8)
  A bullfrog zombie (D:9)
  4 jellies
  6 orc priests
  6 orc wizards
  A bullfrog skeleton (D:5)
  4 worker ants
  A bullfrog simulacrum (D:9)
  A hound skeleton (D:7)
  2 adders
  8 white imps
  An ufetubus (Abyss:2)
  3 oozes (Lair:5)
  14 orcs
  A jackal (D:6)
  A quokka zombie (D:7)
  A fungus (Orc:2)
  6 plants
287 creatures vanquished.

Vanquished Creatures (others)
  A hellephant (Abyss:3)
  An anaconda (Snake:2)
  A death yak (IceCv)
  A rime drake (IceCv)
  6 yaks (IceCv)
  4 wolves (IceCv)
  37 battlemagi
  A ball lightning (Vaults:2)
  A bush (Lair:6)
  13 fungi
  14 plants
  17 starspawn tentacles
97 creatures vanquished.

Grand Total: 918 creatures vanquished

Notes
Turn   | Place    | Note
-------+----------+-------------------------------------------
     0 | D:1      | Lavandula the Halfling Enchanter began the quest for the
                  | Orb.
     0 | D:1      | Reached XP level 1. HP: 11/11 MP: 3/3
   335 | D:1      | nice
   366 | D:1      | You fall through a shaft!
   458 | D:2      | Reached XP level 2. HP: 14/17 MP: 4/4
   525 | D:2      | Learned a level 2 spell: Ensorcelled Hibernation
   542 | D:2      | Found a hide-covered altar of Uskayaw.
   542 | D:2      | Noticed a +0 hand axe
   542 | D:2      | Noticed a +0 hand axe
   546 | D:2      | wow, nice!
   583 | D:2      | Reached XP level 3. HP: 18/21 MP: 5/5
   891 | D:3      | Noticed Robin
   897 | D:3      | Reached XP level 4. HP: 27/27 MP: 6/6
   923 | D:3      | Killed Robin
  1080 | D:3      | Reached skill level 5 in Short Blades
  1202 | D:3      | Noticed Jessica
  1209 | D:3      | Killed Jessica
  1209 | D:3      | Reached XP level 5. HP: 30/31 MP: 7/7
  1360 | D:4      | Reached XP level 6. HP: 31/36 MP: 5/8
  1365 | D:4      | Learned a level 3 spell: Confuse
  1375 | D:5      | Entered Level 5 of the Dungeon
  1523 | D:4      | Learned a level 3 spell: Dazzling Spray
  1546 | D:4      | Reached XP level 7. HP: 37/41 MP: 8/10
  1611 | D:4      | Reached skill level 1 in Conjurations
  1633 | D:4      | Found the ring of Phasing {EV+8}
  1641 | D:4      | !!!
  1839 | D:5      | Found a staircase to the Ecumenical Temple.
  1865 | Temple   | Entered the Ecumenical Temple
  2018 | Temple   | Became a worshipper of Hepliaklqana the Forgotten
  2163 | D:5      | Found a shadowy altar of Dithmenos.
  2213 | D:6      | Reached XP level 8. HP: 29/41 MP: 9/11
  2360 | D:6      | Found an iron altar of Okawaru.
  2402 | D:6      | Reached skill level 1 in Fighting
  2537 | D:6      | Reached * piety under Hepliaklqana
  2569 | D:7      | Found a runed door.
  2573 | D:7      | Noticed Crazy Yiuf
  2577 | D:7      | Killed Crazy Yiuf
  2600 | D:7      | Found a basalt altar of Yredelemnul.
  2717 | D:6      | Found a shattered altar of Ashenzari.
  2733 | D:7      | Reached XP level 9. HP: 48/51 MP: 5/12
  2760 | D:7      | Reached skill level 10 in Short Blades
  2791 | D:7      | Identified the cursed +1 hand axe of the Fox {flame, rC+
                  | Str+5}
  2919 | D:8      | Reached skill level 5 in Dodging
  3028 | D:10     | Entered Level 10 of the Dungeon
  3104 | D:10     | Noticed an ice statue
  3187 | D:10     | Reached ** piety under Hepliaklqana
  3188 | D:10     | Remembered your ancestor Yadidatum as a battlemage
  3217 | D:9      | Found a staircase to the Lair.
  3226 | D:9      | Reached skill level 1 in Shields
  3251 | D:9      | Reached XP level 10. HP: 34/56 MP: 0/13
  3279 | D:9      | Reached skill level 5 in Shields
  3346 | D:9      | Noticed a freezing wraith
  3373 | D:9      | Noticed a centaur warrior
  3373 | D:9      | Noticed a brown ugly thing
  3373 | D:9      | Noticed a centaur warrior
  3624 | D:11     | Noticed a gargoyle
  3664 | D:10     | Found Fuariago's Antique Weapon Shop.
  3685 | D:10     | Reached skill level 5 in Fighting
  3711 | D:10     | Noticed Psyche
  3715 | D:10     | Killed Psyche
  3803 | D:11     | Noticed an eight-headed hydra
  3810 | D:11     | Killed an eight-headed hydra
  3883 | D:11     | Noticed a purple ugly thing
  3886 | D:11     | Noticed Gastronok
  3904 | D:11     | Killed Gastronok
  3904 | D:11     | Reached skill level 5 in Spellcasting
  3904 | D:11     | Reached XP level 11. HP: 66/66 MP: 10/18
  4014 | D:13     | Noticed a catoblepas
  4037 | D:12     | Noticed a purple ugly thing
  4109 | D:13     | Noticed a tengu warrior
  4110 | D:13     | Noticed a tengu warrior
  4131 | D:13     | Killed a tengu warrior
  4136 | D:13     | Killed a tengu warrior
  4188 | D:13     | Found a frozen archway.
  4192 | D:13     | Reached *** piety under Hepliaklqana
  4198 | IceCv    | Entered an ice cave
  4206 | IceCv    | Reached skill level 1 in Invocations
  4378 | IceCv    | Killed a death yak
  4895 | IceCv    | Reached skill level 1 in Evocations
  5297 | IceCv    | Reached XP level 12. HP: 46/73 MP: 11/22
  5979 | IceCv    | Noticed a frost giant
  5989 | IceCv    | Killed a frost giant
  6142 | D:12     | Noticed a five-headed hydra
  6164 | D:12     | Killed a five-headed hydra
  6164 | D:12     | Reached skill level 10 in Dodging
  6206 | D:12     | Noticed Nergalle
  6240 | D:12     | Killed Nergalle
  6433 | D:12     | Killed an unseen horror
  6500 | D:13     | Killed a catoblepas
  6500 | D:13     | Reached skill level 5 in Evocations
  6534 | D:13     | Reached XP level 13. HP: 79/80 MP: 16/23
  6629 | D:14     | Found Navex's Antique Weapon Shop.
  6742 | D:14     | Found Ynuets's Distillery.
  6747 | D:14     | Bought 2 potions of invisibility for 192 gold pieces
  6747 | D:14     | Bought a potion of resistance for 120 gold pieces
  6747 | D:14     | Bought a potion of heal wounds for 60 gold pieces
  6747 | D:14     | Bought 2 potions of mutation for 192 gold pieces
  6747 | D:14     | Bought a potion of lignification for 36 gold pieces
  6747 | D:14     | Bought a potion of haste for 120 gold pieces
  6750 | D:14     | Found Wociseme's Jewellery Emporium.
  6822 | D:14     | Found a gate leading to a gauntlet.
  6827 | Gauntlet | Entered a Gauntlet
  6827 | Gauntlet | Found a transporter.
  6827 | Gauntlet | Found a transporter.
  6834 | Gauntlet | Found a transporter.
  6847 | Gauntlet | Found a transporter.
  6866 | Gauntlet | Paralysed by a floating eye for 2 turns
  6882 | Gauntlet | Found a transporter.
  6909 | Gauntlet | Found a transporter.
  6930 | Gauntlet | Reached skill level 5 in Hexes
  6936 | Gauntlet | Got a transparent jade ring
  6938 | Gauntlet | Identified the ring of Optimism {rF+ Str+3} (You found it
                  | in a Gauntlet)
  6956 | Gauntlet | Found a transporter.
  6957 | Gauntlet | Found a transporter.
  6967 | Gauntlet | Noticed a ghost crab
  6967 | Gauntlet | Found a transporter.
  6974 | Gauntlet | Killed a ghost crab
  7020 | Gauntlet | Found a transporter.
  7178 | Gauntlet | Noticed a minotaur
  7196 | Gauntlet | Killed a minotaur
  7414 | D:14     | Noticed Josephine
  7425 | D:14     | Killed Josephine
  7425 | D:14     | Reached skill level 5 in Stealth
  7451 | D:14     | Found Kevu's Distillery.
  7454 | D:14     | Bought a potion of might for 40 gold pieces
  7454 | D:14     | Bought a potion of heal wounds for 50 gold pieces
  7517 | D:15     | Entered Level 15 of the Dungeon
  7579 | D:13     | Reached **** piety under Hepliaklqana
  7872 | D:11     | Found a staircase to the Orcish Mines.
  7942 | Orc:1    | Entered Level 1 of the Orcish Mines
  8062 | D:11     | Noticed Erolcha
  8074 | D:11     | Killed Erolcha
  8118 | D:11     | Reached skill level 5 in Invocations
  8360 | Orc:2    | Entered Level 2 of the Orcish Mines
  8368 | Orc:2    | Found Cytowkel's Antique Weapon Boutique.
  8477 | Orc:2    | Found a staircase to the Elven Halls.
  8485 | Orc:2    | Noticed an orc warlord
  8589 | D:11     | Killed an orc warlord
  8589 | D:11     | Reached XP level 14. HP: 85/85 MP: 11/24
  8629 | D:11     | Reached skill level 1 in Armour
  8708 | Orc:2    | Found Keugi's General Store.
  8967 | Orc:2    | Found Salaoxtyrch's Book Emporium.
  9061 | Orc:2    | Found Eryxamo's Antique Armour Shop.
  9321 | Orc:1    | Found a large runed door.
  9321 | Orc:1    | Found a large runed door.
  9321 | Orc:1    | Noticed Sonja
  9323 | Orc:1    | Found the +3 giant club "Skullcrusher" {speed, Str+7}
  9324 | Orc:1    | Noticed Bain's ghost (journeyman DsGl)
  9328 | Orc:1    | Killed Sonja
  9329 | Orc:1    | Reached ***** piety under Hepliaklqana
  9603 | Orc:2    | Bought a scroll of acquirement for 676 gold pieces
  9606 | Orc:2    | :(
  9805 | Lair:1   | Entered Level 1 of the Lair of Beasts
  9839 | Lair:2   | Reached skill level 10 in Fighting
 10231 | Lair:5   | Found a staircase to the Slime Pits.
 10252 | Lair:6   | Entered Level 6 of the Lair of Beasts
 10429 | Lair:6   | Learned a level 5 spell: Lee's Rapid Deconstruction
 10457 | Lair:6   | Reached skill level 1 in Earth Magic
 10466 | Lair:6   | Noticed a dire elephant
 10466 | Lair:6   | Noticed a dire elephant
 10506 | Lair:6   | Noticed a dire elephant
 10523 | Lair:6   | Noticed a dire elephant
 10616 | Lair:5   | Killed a dire elephant
 10965 | Lair:6   | Noticed a dire elephant
 10988 | Lair:6   | Killed a dire elephant
 10988 | Lair:6   | Reached skill level 5 in Earth Magic
 11044 | Lair:6   | Killed a dire elephant
 11065 | Lair:6   | Killed a dire elephant
 11158 | Lair:6   | Killed a dire elephant
 11158 | Lair:6   | Reached XP level 15. HP: 91/94 MP: 2/26
 11222 | Lair:6   | Learned a level 2 spell: Passwall
 11611 | Lair:6   | Learned a level 4 spell: Passage of Golubria
 11868 | Lair:4   | Found a staircase to the Swamp.
 11971 | Swamp:1  | Entered Level 1 of the Swamp
 11988 | Swamp:1  | Reached skill level 1 in Transmutations
 11990 | Swamp:1  | Noticed Frances
 12008 | Swamp:1  | Killed Frances
 12011 | Swamp:1  | Upgraded the game from 0.23-a0-550-g7de1f8e to
                  | 0.23-a0-554-gd3cbc84
 12153 | Lair:4   | Learned a level 3 spell: Regeneration
 12664 | Lair:4   | Reached skill level 1 in Charms
 12799 | Lair:2   | Noticed Urug
 12811 | Lair:2   | Killed Urug
 12864 | Lair:3   | You fall through a shaft for 3 floors!
 13193 | Lair:2   | Found a staircase to the Snake Pit.
 13215 | Snake:1  | Entered Level 1 of the Snake Pit
 13243 | Snake:1  | Reached skill level 5 in Charms
 13378 | Lair:1   | Reached skill level 1 in Necromancy
 13405 | Lair:1   | Reached ****** piety under Hepliaklqana
 13544 | D:9      | Reached skill level 1 in Translocations
 13595 | D:9      | Identified the Tome of the Displaced Birds
 13599 | D:9      | Learned a level 1 spell: Apportation
 13606 | D:9      | Learned a level 6 spell: Deflect Missiles
 13630 | D:9      | Got a crude long sword
 13631 | D:9      | Identified the +6 long sword of Karma {slice, *Slow rF++
                  | Int+4} (You found it on level 9 of the Dungeon)
 13811 | Snake:1  | Reached skill level 1 in Air Magic
 14119 | Snake:3  | Noticed Vashnia
 14130 | Snake:3  | Reached skill level 5 in Air Magic
 14135 | Snake:3  | Reached XP level 16. HP: 63/99 MP: 2/28
 14255 | Snake:3  | Reached skill level 1 in Long Blades
 14351 | Snake:4  | Entered Level 4 of the Snake Pit
 14563 | Snake:3  | Killed Vashnia
 14563 | Snake:3  | Reached skill level 5 in Long Blades
 15457 | Snake:4  | Noticed a nagaraja
 15713 | Snake:4  | Noticed a nagaraja
 15728 | Snake:4  | Killed a nagaraja
 16032 | Snake:4  | Got a serpentine rune of Zot
 16251 | Snake:2  | Reached XP level 17. HP: 104/104 MP: 24/29
 16295 | Snake:3  | Reached skill level 10 in Long Blades
 16824 | Swamp:1  | Noticed Louise
 16837 | Swamp:1  | Killed Louise
 17172 | Swamp:3  | Noticed a thorn hunter
 17191 | Swamp:3  | Killed a thorn hunter
 17266 | Swamp:3  | Learned a level 2 spell: Blink
 17280 | Swamp:4  | Entered Level 4 of the Swamp
 17450 | Swamp:4  | Noticed a tentacled monstrosity
 17461 | Swamp:4  | Reached skill level 5 in Translocations
 17561 | Swamp:4  | Killed a tentacled monstrosity
 17713 | Swamp:4  | Got a decaying rune of Zot
 17740 | Swamp:4  | Gained mutation: You do not regenerate when monsters are
                  | visible. [potion of mutation]
 17740 | Swamp:4  | Gained mutation: Scrolls take you a little longer to read.
                  | [potion of mutation]
 17740 | Swamp:4  | Gained mutation: You have a pair of small horns on your
                  | head. [potion of mutation]
 17741 | Swamp:4  | Lost mutation: You have a pair of small horns on your head.
                  | [potion of mutation]
 17741 | Swamp:4  | Lost mutation: Scrolls take you a little longer to read.
                  | [potion of mutation]
 17741 | Swamp:4  | Lost mutation: You do not regenerate when monsters are
                  | visible. [potion of mutation]
 17741 | Swamp:4  | Gained mutation: You are clumsy. (Dex -2) [potion of
                  | mutation]
 17742 | Swamp:4  | Lost mutation: You are clumsy. (Dex -2) [potion of
                  | mutation]
 17742 | Swamp:4  | Gained mutation: You tend to lose your temper in combat.
                  | [potion of mutation]
 17742 | Swamp:4  | Gained mutation: You have large cloven feet. [potion of
                  | mutation]
 17747 | Swamp:4  | Lost mutation: You have large cloven feet. [potion of
                  | mutation]
 17747 | Swamp:4  | Lost mutation: You tend to lose your temper in combat.
                  | [potion of mutation]
 17747 | Swamp:4  | Gained mutation: You are somewhat resistant to both further
                  | mutation and mutation removal. [potion of mutation]
 17751 | Swamp:4  | Noticed Kirke
 17755 | Swamp:4  | Identified the amulet of Xom's Generosity {Inacc Int+3}
                  | (You found it on level 4 of the Swamp)
 18194 | D:13     | Found a gate to the Vaults.
 18220 | Vaults:1 | Entered Level 1 of the Vaults
 18317 | D:14     | Bought the ring of the Nightingale {rF+ Dex+4 Slay+5
                  | Stlth-} for 840 gold pieces
 18452 | Vaults:2 | Found Mohicul's Magic Scroll Emporium.
 18471 | Vaults:2 | Bought a scroll of teleportation for 60 gold pieces
 18471 | Vaults:2 | Bought a scroll of teleportation for 60 gold pieces
 18753 | Vaults:4 | Found a flickering gateway to a bazaar.
 18785 | Bazaar   | Entered a bazaar
 18794 | Bazaar   | Found Ireur's Armour Boutique.
 18803 | Bazaar   | Found Gere Vestef's Jewellery Shop.
 18812 | Bazaar   | Found Doobaqi's Assorted Antiques.
 18816 | Bazaar   | Found Uceim's Armour Shoppe.
 18820 | Bazaar   | fuck :(
 18820 | Bazaar   | If I didn't buy this ring, I would have a run right here
 18824 | Bazaar   | Found Daeshurch's Antique Weapon Shoppe.
 18843 | Bazaar   | Bought a dented blue amulet for 100 gold pieces
 18844 | Bazaar   | Bought a potion of resistance for 200 gold pieces
 18913 | Vaults:4 | Reached XP level 18. HP: 109/109 MP: 30/30
 18917 | Vaults:4 | Learned a level 1 spell: Summon Butterflies
 19176 | Vaults:2 | Noticed a bone dragon
 19190 | Vaults:2 | Killed a bone dragon
 19290 | Vaults:2 | Cast into level 2 of the Abyss (a wizard)
 19540 | Abyss:2  | Found a corrupted altar of Lugonu.
 19550 | Abyss:3  | Found a corrupted altar of Lugonu.
 19614 | Abyss:3  | Noticed a hellephant
 19629 | Abyss:3  | Killed a hellephant
 19930 | Abyss:4  | Got an abyssal rune of Zot
 19938 | Abyss:5  | Entered Level 5 of the Abyss
 20023 | Abyss:5  | Noticed an Executioner
 20035 | Abyss:5  | Killed an Executioner
 20172 | Abyss:5  | Noticed a lich
 20190 | Abyss:5  | Killed a lich
 20200 | Vaults:2 | Escaped the Abyss
 20272 | Vaults:2 | Reached XP level 19. HP: 70/114 MP: 28/32
 20291 | Vaults:2 | Paralysed by a great orb of eyes for 6 turns
 20295 | Vaults:2 | Slain by a great orb of eyes

Vault maps used:
D:1:      dpeg_arrival_rooms_b
D:2:      kennysheep_big_flooded_room, dancing_weapons_uskayaw
D:3:      fedhas_altar_4, uniq_jessica, uniq_robin
D:4:      first_ration
D:5:      nicolae_dithmenos_through_a_glass_darkly, minmay_temple_entry_arrows
D:6:      okawaru_gym_becter, basic_altar
D:7:      lemuel_round_altar, gammafunk_ghost_necromancy,
          uniq_crazy_yiuf_cottage
D:8:      minmay_blocky_corners, zin_statuary, uniq_maurice
D:9:      lair_entry_dummy, serial_ice, serial_ice_i, serial_ice_g,
          serial_ice_c, serial_ice_f, serial_ice_h, the_bakery, minivault_12
D:10:     serial_shops, shop, minivault_16, uniq_psyche
D:11:     david_orc_1_choice, serial_park_tiny_2, st_stairs_12, minmay_orc_keep,
          uniq_erolcha, uniq_gastronok
D:12:     nicolae_ru_path_of_blood, uniq_nergalle, uniq_nessos
D:13:     david_vaults_5, portal_ice_cave_entry_pillars_2,
          kennysheep_generic_room_12
D:14:     serial_park_tiny_pond, serial_shops, kennysheep_mini_moat, shop, shop,
          nicolae_shop_crystal, gauntlet_entry_generic, uniq_josephine
D:15:     gammafunk_depths_entry_grave, ebering_ghost_rock_garden, nicolae_wwwww
Temple:   regret_index_temple_sphere_string
Lair:1:   fungi_pond_lemuel, beast_lair_carwin_6, serial_bayou_shore_a,
          minmay_lair_oklob_chamber, grunt_megastairs_4
Lair:2:   minmay_snake_entry_guardpost_small, uniq_urug
Lair:3:   small_statue_intersection, serial_bayou_ford_a
Lair:4:   minmay_swamp_entry_worms
Lair:5:   nicolae_slime_entry_slimehenge, chequers_serial_rivers_small_b,
          serial_bayou_pond_e, serial_bayou_lake_a
Lair:6:   due_jungle_book, minivault_26
Swamp:1:  evilmike_swamp_ruin_house_4, uniq_louise, uniq_frances
Swamp:2:  hangedman_swamp_blocks
Swamp:3:  nicolae_swamp_very_dense_foliage
Swamp:4:  swamp, uniq_kirke
Snake:3:  special_room, serial_bayou_lagoon_a, grunt_ministairs_5,
          lemuel_fruit_tree, uniq_vashnia
Snake:4:  minmay_snake_end_coiled
Orc:1:    ebering_ghost_disaster_area, uniq_sonja
Orc:2:    grunt_orc_gardens, grunt_orc_garden, grunt_orc_garden,
          grunt_orc_garden, grunt_orc_garden
Vaults:1: nicolae_vaults_network_square, nicolae_vaults_asterisk,
          grunt_vaults_trifunnel, hangedman_vaults_impose, vaults_mumra_hex,
          nicolae_vaults_border_crossing, vaults_mumra_minichess,
          hangedman_vaults_stagger, vaults_room_glass_cross,
          ontoclasm_vaults_ring_large
Vaults:2: v_misc_8, nicolae_vaults_big_angled_halls, dpeg_vaults_monster_box,
          ontoclasm_vaults_ring_square, nicolae_vaults_triangles,
          nicolae_vaults_angled_halls, st_spiral_rooms, nicolae_vaults_asterisk,
          serial_ice_g, minmay_crypt_entry_nasty_monster,
          nicolae_vaults_disjoint_gnomons, serial_shops, shop
Vaults:3: v_misc_9, grunt_vaults_bifocal, ontoclasm_vaults_fault,
          hangedman_vaults_capsules, hangedman_vaults_cutoff,
          hangedman_vaults_restitches, nicolae_vaults_network_quinsquares,
          vaults_room_boxed, nicolae_vaults_c_with_doors, v_misc_17,
          serial_shops, shop_coins, uniq_asterion
Vaults:4: vaults_mumra_lcd, v_misc_27, v_misc_5, nicolae_vaults_big_ls,
          grunt_vaults_focal, vaults_mumra_chevron_long,
          minmay_guarded_unrand_secular_launcher, v_misc_9,
          ontoclasm_vaults_spin, v_alt_pattern_1, v_misc_14, serial_shops,
          bzr_entry_dummy
Abyss:2:  hangedman_abyss_or_decor_slice
Abyss:3:  evilmike_abyss_exit_mutagenic
Abyss:4:  evilmike_abyss_exit_smiterflies, onia_ninara_dug_in_and_dangerous,
          nicolae_abyss_rune_left_handed
Abyss:5:  evilmike_abyss_exit_13, bh_abyss_negative, evilmike_abyss_exit_2,
          guppyfry_abyss_exit_imp_island
Bazaar:   bazaar_kb_twisted_cavern
IceCv:    ice_cave_caverns_02
Gauntlet: gammafunk_gauntlet_branching

Skill      XL: |  1  2  3  4  5  6  7  8  9 10 11 12 13 14 15 16 17 18 |
---------------+-------------------------------------------------------+-----
Short Blades   | 2 3 4 5 6 7 9 10 | 10.1
Spellcasting   | 2 5 6 7 8 9 |  9.4
Conjurations   | 3 |  3.2
Dodging        | 3 7 11 13 | 13.4
Fighting       | 3 6 7 8 10 | 10.7
Shields        | 4 5 |  5.9
Invocations    | 3 8 |  8.3
Evocations     | 3 5 |  5.1
Hexes          | 6 |  6.0
Stealth        | 7 |  7.3
Armour         | 4 |  4.9
Earth Magic    | 5 |  5.1
Transmutations | 3 |  3.0
Charms         | 6 |  6.1
Necromancy     | 2 |  2.9
Translocations | 1 5 |  5.3
Air Magic      | 5 7 9 |  9.9
Long Blades    | 9 13 | 13.2

Action                   |  1- 3 |  4- 6 |  7- 9 | 10-12 | 13-15 | 16-18 | 19-21 || total
-------------------------+-------+-------+-------+-------+-------+-------+-------++-------
Melee: Dagger            |    65 |   103 |   302 |   460 |  1084 |   312 |       ||  2326
       Long sword        |       |       |       |       |       |    38 |       ||    38
       Demon blade       |       |       |       |       |       |   631 |     9 ||   640
Throw: Throwing net      |       |       |       |       |     1 |       |       ||     1
 Cast: Corona            |     3 |     2 |     6 |       |       |       |       ||    11
       Dazzling Spray    |       |       |    13 |    43 |   147 |   111 |       ||   314
       Ensorcelled Hiber |       |       |     5 |     5 |    26 |     1 |       ||    37
       Confuse           |       |       |       |     2 |     2 |     1 |       ||     5
       Lee's Rapid Decon |       |       |       |       |    12 |       |       ||    12
       Regeneration      |       |       |       |       |     7 |    74 |     1 ||    82
       Deflect Missiles  |       |       |       |       |       |    13 |       ||    13
       Apportation       |       |       |       |       |       |    13 |       ||    13
       Blink             |       |       |       |       |       |     5 |       ||     5
       Summon Butterflie |       |       |       |       |       |       |     2 ||     2
Invok: Recall Ancestor   |       |       |     2 |     2 |    10 |    11 |       ||    25
       Ancestor Life: Ba |       |       |     1 |       |       |       |       ||     1
       Transference      |       |       |       |     1 |       |       |       ||     1
       Idealise          |       |       |       |       |     1 |     6 |       ||     7
Evoke: Wand              |       |     2 |     1 |    11 |    24 |    20 |       ||    58
       Lamp of fire      |       |       |       |     2 |     2 |     2 |       ||     6
       Sack of spiders   |       |       |       |       |     1 |     1 |       ||     2
  Use: Scroll            |       |     6 |     3 |     5 |    27 |    13 |       ||    54
       Potion            |       |       |       |     1 |     4 |     8 |     1 ||    14
 Stab: Sleeping          |     6 |     7 |     4 |     5 |    24 |    11 |       ||    57
       Invisible         |       |       |     2 |    14 |    46 |    33 |       ||    95
       Distracted        |       |       |       |     3 |    16 |    19 |       ||    38
       Confused          |       |       |       |     1 |     1 |       |       ||     2
       Held in net/web   |       |       |       |       |     2 |       |       ||     2
  Eat: Chunk             |       |     2 |     7 |    12 |    25 |    12 |     1 ||    59
       Ration            |       |       |       |     1 |     3 |     6 |       ||    10
Armor: Robe              |     6 |     9 |    21 |     4 |       |       |       ||    40
       Leather armour    |       |       |       |    19 |     8 |       |       ||    27
       Troll leather arm |       |       |       |       |    24 |    35 |     3 ||    62
       Swamp dragon scal |       |       |       |       |     2 |    30 |       ||    32
Dodge: Dodged            |    34 |    58 |   210 |   353 |   792 |   912 |    13 ||  2372
       Deflected         |       |       |       |       |    16 |    73 |       ||    89
Block: Buckler           |       |       |       |   140 |   346 |   481 |     5 ||   972
       Rpst.: Long sword |       |       |       |       |       |    16 |       ||    16
       Demon blade       |       |       |       |       |       |    81 |     2 ||    83

Table legend:
 A = Non-vault XP
 B = Vault XP
 C = Vault XP percentage of total XP
 D = Non-vault monster count
 E = Vault monster count
 F = Vault count percentage of total count
                 A         B        C        D         E       F
            +---------+---------+-------+---------+---------+-------
      Total |  154155 |  112978 |  42.3 |     535 |     273 |  33.8
            +---------+---------+-------+---------+---------+-------
        D:1 |      11 |       0 |   0.0 |       5 |       0 |   0.0
        D:2 |      45 |       3 |   6.2 |      14 |       2 |  12.5
        D:3 |      52 |      73 |  58.4 |      11 |      13 |  54.2
        D:4 |     422 |       0 |   0.0 |      26 |       0 |   0.0
        D:5 |     503 |       0 |   0.0 |      11 |       0 |   0.0
        D:6 |     583 |       0 |   0.0 |      16 |       0 |   0.0
        D:7 |     691 |      40 |   5.5 |      17 |       1 |   5.6
        D:8 |     391 |       0 |   0.0 |       5 |       0 |   0.0
        D:9 |    1225 |    4135 |  77.1 |      18 |      22 |  55.0
       D:10 |     899 |     463 |  34.0 |      12 |       1 |   7.7
       D:11 |    5347 |    6528 |  55.0 |      36 |      22 |  37.9
       D:12 |    4599 |     781 |  14.5 |      22 |       1 |   4.3
       D:13 |    6176 |    2788 |  31.1 |      15 |       8 |  34.8
       D:14 |    3188 |    2111 |  39.8 |      14 |       6 |  30.0
       D:15 |     123 |       0 |   0.0 |       1 |       0 |   0.0
     Lair:1 |     347 |    1123 |  76.4 |       2 |       6 |  75.0
     Lair:2 |     782 |    1362 |  63.5 |       3 |       4 |  57.1
     Lair:3 |     960 |       0 |   0.0 |       5 |       0 |   0.0
     Lair:4 |    6797 |     731 |   9.7 |      17 |       3 |  15.0
     Lair:5 |    6603 |     151 |   2.2 |      22 |       6 |  21.4
     Lair:6 |    9807 |    2823 |  22.4 |      23 |       5 |  17.9
    Swamp:1 |    5717 |    3639 |  38.9 |      12 |       2 |  14.3
    Swamp:2 |     447 |       0 |   0.0 |       2 |       0 |   0.0
    Swamp:3 |    8368 |       0 |   0.0 |      23 |       0 |   0.0
    Swamp:4 |    6257 |   14793 |  70.3 |      10 |      25 |  71.4
    Snake:1 |    7567 |       0 |   0.0 |      15 |       0 |   0.0
    Snake:2 |    5924 |       0 |   0.0 |      11 |       0 |   0.0
    Snake:3 |   15450 |   11804 |  43.3 |      29 |      11 |  27.5
    Snake:4 |    5373 |   13622 |  71.7 |      11 |      34 |  75.6
      Orc:1 |    3030 |    2188 |  41.9 |      32 |       5 |  13.5
      Orc:2 |     701 |    5930 |  89.4 |      12 |      21 |  63.6
   Vaults:1 |     503 |       0 |   0.0 |       1 |       0 |   0.0
   Vaults:2 |   12387 |   15552 |  55.7 |      25 |      15 |  37.5
   Vaults:4 |       0 |    1767 | 100.0 |       0 |       3 | 100.0
    Abyss:2 |    9757 |       0 |   0.0 |      16 |       0 |   0.0
    Abyss:3 |    7292 |       0 |   0.0 |      14 |       0 |   0.0
    Abyss:4 |    1783 |    7377 |  80.5 |       7 |       8 |  53.3
    Abyss:5 |   14048 |       0 |   0.0 |      20 |       0 |   0.0
      IceCv |       0 |    9726 | 100.0 |       0 |      39 | 100.0
   Gauntlet |       0 |    3468 | 100.0 |       0 |      10 | 100.0
            +---------+---------+-------+---------+---------+-------
